 Dungeon Crawl Stone Soup version 0.14-a0-40-g75911bd (webtiles) character file.

99 Malachi the Chiller (level 2, -3/20 HPs)
             Began as a Ghoul Ice Elementalist on Sept 28, 2013.
             Slain by a goblin (4 damage)
             ... on Level 2 of the Dungeon.
             The game lasted 00:02:05 (764 turns).

Malachi the Chiller (Ghoul Ice Elementalist)         Turns: 764, Time: 00:02:05

HP  -3/20        AC  3     Str 11      XL: 2   Next: 87%
MP   1/4         EV 12     Int 10      God:
Gold 78          SH  0     Dex  9      Spells:  1 memorised,  2 levels left

Res.Fire  : . . .   See Invis. : .   (no weapon)
Res.Cold  : + . .   Warding    : .   a - +0 robe
Life Prot.: + + +   Conserve   : .   (no shield)
Res.Poison: +       Res.Corr.  : .   (no helmet)
Res.Elec. : .       Clarity    : .   (no cloak)
Sust.Abil.: . .     Spirit.Shd : .   (no gloves)
Res.Mut.  : .       Stasis     : .   e - +0 pair of elf boots
Res.Rott. : +       Flight     : .   (no amulet)
Saprovore : + + +                    (no ring)
                                     c - ring of sustenance {unknown}

@: rotting, not resistant to hostile enchantments, fairly stealthy
A: rotting body, claws 1, carnivore 3, cold resistance 1, life protection 3,
poison resistance, saprovore 3, slow healing 1, torment resistance, unbreathing
a: no special abilities


You were on level 2 of the Dungeon.
You were not hungry.

You visited 1 branch of the dungeon, and saw 2 of its levels.

You collected 58 gold pieces.

Inventory:

Armour
 a - a +0 robe (worn)
 e - a +0 pair of elven boots (worn)
Comestibles
 i - a meat ration
 l - a chunk of goblin flesh
 s - a rotting chunk of giant cockroach flesh
Scrolls
 d - a scroll of magic mapping {unknown}
 g - 2 scrolls of enchant weapon II {unknown}
 j - a scroll of noise {unknown}
 k - a scroll of remove curse {unknown}
 m - a scroll of fear {unknown}
 q - a scroll of enchant armour {unknown}
Jewellery
 c - a ring of sustenance (left claw) {unknown}
Potions
 h - a potion of brilliance {unknown}
 o - a potion of flight {unknown}
 t - a potion of paralysis {unknown}
Books
 b - a book of Frost

   Spells                             Type                      Level
   *Freeze                            Ice                          1
   Throw Frost                        Conjuration/Ice              2
   Ozocubu's Armour                   Charms/Ice                   3
   Throw Icicle                       Conjuration/Ice              4
   Summon Ice Beast                   Ice/Summoning                4
   Condensation Shield                Ice                          4


   Skills:
 + Level 0.2 Fighting
 + Level 2.0 Dodging
 - Level 2.1 Stealth
 + Level 1.3 Spellcasting
   Level 0.7 Conjurations
 * Level 4.0 Ice Magic


You had 2 spell levels left.
You knew the following spells:

 Your Spells              Type           Power        Failure   Level  Hunger
a - Freeze                Ice            #...         10%         1    ##.....


Dungeon Overview and Level Annotations

Branches:
Dungeon (2/27)

Altars:


Innate Abilities, Weirdness & Mutations

Your body is rotting away.
You have sharp fingernails.
You are carnivorous and can eat meat at any time.
Your flesh is cold resistant.
You are immune to negative energy.
Your system is resistant to poisons.
You thrive on rotten meat.
You heal slowly.
You are immune to unholy pain and torment.
You can survive without breathing.


Message History

Aiming: Freeze
Press: ? - help, Shift-Dir - straight line, f/p - jackal
Aim: a jackal (almost dead)
You freeze the jackal.
You kill the jackal!
The rat bites you but does no damage. The goblin hits you.
Unknown command.
You see here a jackal corpse.
You hit the rat.
You kill the rat!
Your Ice Magic skill increases to level 4!
You closely miss the goblin. The goblin hits you.
* * * LOW HITPOINT WARNING * * *
You closely miss the goblin. The goblin hits you.
* * * LOW HITPOINT WARNING * * *
You barely miss the goblin. The goblin closely misses you. The goblin hits you.
* * * LOW HITPOINT WARNING * * *
The goblin hits you.
You die...

##.###......
#....#......#
#....##....### ..
##.... .$....... ...
.... .........
.....###.####........
............<.........
............g.........
##.#####%####@>.......
#.# #.......##
....................#
.######.............
.......#......
.......#.....
#.......#....
............ .........


You could see a goblin.

Vanquished Creatures
  3 giant cockroaches (D:1)
  3 kobolds (D:1)
  A ball python (D:1)
  5 bats (D:1)
  A giant newt (D:1)
  3 goblins (D:1)
  2 jackals (D:2)
  5 rats
23 creatures vanquished.

Notes
Turn   | Place    | Note
--------------------------------------------------------------
     0 | D:1      | Malachi, the Ghoul Ice Elementalist, began the quest for the Orb.
     0 | D:1      | Reached XP level 1. HP: 14/14 MP: 3/3
   247 | D:1      | Reached XP level 2. HP: 15/20 MP: 2/4
   754 | D:2      | Reached skill level 4 in Ice Magic
   759 | D:2      | HP: 1/20 [goblin (2)]
   764 | D:2      | Slain by a goblin

Action                   || total
-------------------------++-------
Melee: Unarmed           ||    33
 Cast: Freeze            ||    30
